Map: Daybreak LE (Void)

Players

Semantics

  • Race: Terran Terran
  • Spawn Location: 7:00

Fropez - Winner!

  • Race: Protoss Protoss
  • League: Gold
  • Spawn Location: 1:00

VOD

Have the link to the VOD?

Description

Time

  • Played on: Jan. 2, 2017, 8:37 p.m.
  • Length: 7:31
Show
View Real Time Build Order
Export as new Build Order

Semantics Terran 

Build Orders:  

Get SALT Encoding   

  12  0:03  SCV  
  13  0:15  SCV  
  14  0:27  SCV, Supply Depot  
  15  0:36  Refinery  
  15  0:48  SCV  
  16  0:51  Barracks  
  16  1:02  SCV  
  17  1:12  Refinery  
  17  1:14  SCV  
  18  1:38  Orbital Command  
  18  1:52  Marine, Supply Depot  
  20  2:21  Orbital Command  
  18  2:50  Refinery  
  18  2:52  Refinery  
  18  2:53  Factory  
  18  2:54  Barracks Reactor  
  18  2:58  SCV  
  19  3:10  SCV  
  20  3:23  SCV  
  21  3:31  Supply Depot  
  21  3:33  Marine x2  
  23  3:43  Factory Tech Lab  
  23  3:46  Barracks  
  23  3:48  SCV  
  24  3:49  Supply Depot  
  24  3:51  Marine x2  
  26  3:59  Supply Depot  
  26  4:00  SCV  
  27  4:05  Siege Tank  
  30  4:10  Marine x2  
  30  4:12  SCV  
  33  4:21  Starport  
  33  4:28  Marine  
  33  4:30  SCV  
  35  4:35  Barracks Tech Lab  
  35  4:41  Siege Tank  
  35  4:45  Marine  
  39  4:46  Marine  
  40  4:55  Marine  
  41  5:03  Marine  
  41  5:04  Marine  
  41  5:05  Combat Shields  
  43  5:12  SCV  
  43  5:13  Marine  
  45  5:24  Marine x2, SCV  
  45  5:26  Siege Tank  
  51  5:34  Starport Tech Lab  
  50  5:54  Marine x2  
  52  5:59  Marine  
  53  6:12  Marine x2  
  55  6:39  Marine x3  
  58  6:40  Supply Depot  
  58  6:49  Command Center  
  58  6:57  Marine  
Show
View Real Time Build Order
Export as new Build Order

Fropez Protoss - Winner!

Build Orders:  

Get SALT Encoding   

  12  0:01  Probe (Chrono Boost)  
  13  0:11  Probe (Chrono Boost)  
  14  0:23  Pylon  
  14  0:24  Probe (Chrono Boost)  
  15  0:41  Probe (Chrono Boost)  
  16  0:46  Gateway  
  16  0:52  Probe (Chrono Boost), Assimilator  
  17  1:02  Probe (Chrono Boost)  
  18  1:15  Probe (Chrono Boost)  
  19  1:26  Probe (Chrono Boost)  
  19  1:32  Pylon  
  20  1:37  Forge  
  21  1:40  Probe (Chrono Boost)  
  21  1:43  Pylon  
  21  1:46  Pylon  
  21  1:59  Probe (Chrono Boost)  
  22  2:09  Pylon  
  22  2:12  Photon Cannon  
  22  2:16  Photon Cannon  
  22  2:21  Photon Cannon  
  22  2:28  Probe (Chrono Boost)  
  22  2:35  Cybernetics Core  
  22  2:38  Gateway  
  22  2:45  Pylon  
  22  2:47  Probe (Chrono Boost)  
  23  2:52  Protoss Ground Weapons Level 1  
  23  2:57  Warp Gate  
  24  3:00  Probe (Chrono Boost)  
  25  3:18  Mothership Core (Chrono Boost)  
  26  3:23  Pylon  
  26  3:24  Assimilator  
  26  3:28  Adept  
  26  3:29  Adept  
  30  3:38  Probe (Chrono Boost)  
  31  3:50  Probe (Chrono Boost)  
  32  3:55  Adept  
  32  3:56  Adept  
  32  4:02  Probe (Chrono Boost)  
  37  4:13  Pylon  
  37  4:14  Probe (Chrono Boost)  
  38  4:27  Probe (Chrono Boost)  
  38  4:30  Nexus  
  39  4:39  Twilight Council  
  39  4:42  Pylon  
  39  4:44  Probe (Chrono Boost)  
  39  5:03  Probe (Chrono Boost)  
  39  5:06  Protoss Ground Weapons Level 2  
  40  5:11  Resonating Glaives  
  40  5:13  Adept x2  
  44  5:16  Pylon  
  44  5:20  Assimilator  
  45  5:22  Assimilator  
  44  5:48  Adept x2  
  48  6:05  Gateway  
  48  6:07  Pylon  
  48  6:12  Photon Cannon  
  48  6:14  Photon Cannon  
  48  6:23  Probe x2 (Chrono Boost)  
  48  6:24  Adept x2  
  54  6:35  Probe x2 (Chrono Boost)  
  56  6:45  Adept x2  
  61  6:47  Probe (Chrono Boost)  
  53  7:26  Stalker  
  53  7:27  Stalker  
Tags
 
League
Gold
Matchup
PvT
Replay Pack
All Mines
Spawn Locations
Cross Positions
Add a new tag
Caveats
  • Supply blocks, unpowered buildings, or Contaminate may cause inaccurate times.
  • Supply counts are checked every 10 seconds.